 Dungeon Crawl Stone Soup version 0.22.1-2-g9c5b331383 (webtiles) character file.

808 Morrissey the Shield-Bearer (level 8, -2/55 HPs)
             Began as a Halfling Fighter on Nov 28, 2018.
             Was an Initiate of Okawaru.
             Slain by an orc warrior
             ... wielding a +0 scimitar
              (17 damage)
             ... on level 4 of the Dungeon.
             The game lasted 00:09:55 (6293 turns).

Morrissey the Shield-Bearer (Halfling Fighter)      Turns: 6293, Time: 00:09:56

Health: -2/55      AC:  7    Str: 17    XL:     8   Next: 15%
Magic:  8/8        EV:  9    Int:  6    God:    Okawaru [......]
Gold:   297        SH: 11    Dex: 16    Spells: 7/7 levels left

rFire    . . .     SeeInvis .   a - +0 rapier
rCold    . . .     Gourm    .   c - +0 shield
rNeg     . . .     Faith    .   r - +0 scale mail
rPois    .         Spirit   .   (no helmet)
rElec    .         Reflect  .   (no cloak)
rCorr    .         Harm     .   (no gloves)
MR       .....                  (no boots)
Stlth    ..........             (no amulet)
HPRegen  0.18/turn              (no ring)
MPRegen  0.11/turn              (no ring)

@: no status effects
A: small, mutation resistance 1
a: Renounce Religion


You were on level 4 of the Dungeon.
You worshipped Okawaru.
Okawaru was noncommittal.
You were not hungry.

You visited 2 branches of the dungeon, and saw 6 of its levels.

You collected 297 gold pieces.

Inventory:

Hand Weapons
 a - a +0 rapier (weapon)
 b - a +0 hunting sling
Missiles
 s - 146 stones (quivered)
 t - 11 sling bullets
Armour
 c - a +0 shield (worn)
 r - a +0 scale mail (worn)
Scrolls
 h - 4 scrolls of teleportation
 i - a scroll of enchant armour {unknown}
 j - 3 scrolls of amnesia
 l - 2 scrolls of blinking
 m - 2 scrolls of magic mapping
 n - 3 scrolls of fog
 p - a scroll of fear {unknown}
 q - 3 scrolls of remove curse
 x - a scroll of noise {unknown}
Potions
 g - a potion of ambrosia
 o - 3 potions of curing
 v - a potion of cancellation
 w - a potion of flight {unknown}
 A - a potion of invisibility {unknown}
Comestibles
 f - 8 rations


   Skills:
 * Level 5.1 Fighting
 + Level 4.5 Short Blades
 + Level 3.8 Slings
 + Level 4.8 Armour
 * Level 6.0 Shields


You had 7 spell levels left.
You didn't know any spells.
Your spell library was empty.

Dungeon Overview and Level Annotations

Branches:
Dungeon (5/15)             Temple (1/1) D:4

Altars:
Ashenzari
Cheibriados
Dithmenos
Elyvilon
Fedhas
Gozag
Hepliaklqana
Kikubaaqudgha
Makhleb
Nemelex Xobeh
Okawaru
Qazlal
Ru
Sif Muna
Trog
Uskayaw
Vehumet
Wu Jian
Xom
Yredelemnul
Zin
The Shining One


Innate Abilities, Weirdness & Mutations

You are small and have problems with some larger weapons.
You are somewhat resistant to further mutation.


Message History

You are too injured to fight recklessly!
You hit the orc warrior but do no damage.
The orc warrior is severely wounded.
The orc warrior barely misses you.
You hit the orc warrior.
The orc warrior is almost dead.
You block the orc warrior's attack.
You hit the orc warrior.
The orc warrior is almost dead.
You hit the orc warrior but do no damage.
The orc warrior is almost dead.
The orc warrior hits you but does no damage.
Your shield prevents you from hitting the orc warrior.
The orc warrior is almost dead.
The orc warrior hits you with a scimitar!
* * * LOW HITPOINT WARNING * * *
Your shield and scale mail prevent you from hitting the orc warrior.
The orc warrior is almost dead.
The orc warrior hits you with a scimitar!
You die...

## #......##.#..................
.####......##.#.###.#'###########
.##........##.#.###.#.#
.##.#....p..#.....#.#.###########
###'###...#.#.#.#.#.#..รท.........
#.....#...#.......#.#############
#.#'#.#...#....####.#
'.#>#.'..##....####.#
#.###.#.....!>.o@.#.####
#.....#..##.#####.#....#
###'###.###.#####.#....#
........##........#....#
........##..#######....########
...#######..# #............#
##..........# #............#
.......###.#######............#
######.# #.# #................#


You could see an orc warrior and a neutral freed slave (wandering).

Vanquished Creatures
  Pikel (D:4)
  An ice beast (D:5)
  2 slaves (D:4)
  An orc priest (D:3)
  2 hounds
  A jelly (D:4)
  Robin (D:2)
  5 adders
  3 worms
  3 dart slugs
  4 leopard geckos
  9 orcs
  2 ball pythons (D:2)
  A giant cockroach (D:1)
  11 goblins (D:2)
  8 hobgoblins
  9 jackals
  6 kobolds
  A quokka (D:4)
  5 bats
  5 frilled lizards
  2 rats (D:2)
83 creatures vanquished.

Vanquished Creatures (others)
  A howler monkey (D:4)
  An orc (D:4)
2 creatures vanquished.

Grand Total: 85 creatures vanquished

Notes
Turn   | Place    | Note
-------+----------+-------------------------------------------
     0 | D:1      | Morrissey the Halfling Fighter began the quest for the Orb.
     0 | D:1      | Reached XP level 1. HP: 15/15 MP: 1/1
   428 | D:1      | Reached XP level 2. HP: 15/20 MP: 2/2
   860 | D:1      | Reached XP level 3. HP: 26/26 MP: 3/3
  1609 | D:2      | Noticed Robin
  1640 | D:2      | Killed Robin
  1640 | D:2      | Reached skill level 4 in Shields
  1640 | D:2      | Reached XP level 4. HP: 27/31 MP: 4/4
  2190 | D:3      | Found a burning altar of Makhleb.
  2210 | D:3      | Reached skill level 1 in Slings
  2210 | D:3      | Reached XP level 5. HP: 30/37 MP: 5/5
  3289 | D:4      | Reached XP level 6. HP: 23/43 MP: 6/6
  3936 | D:4      | Found a staircase to the Ecumenical Temple.
  3937 | D:4      | Noticed a slave
  3975 | D:4      | Killed a slave
  4144 | D:4      | Noticed a slave
  4171 | D:4      | Killed a slave
  4277 | D:4      | Noticed Pikel
  4277 | D:4      | Noticed a slave
  4277 | D:4      | Noticed a slave
  4320 | D:4      | Killed Pikel
  4320 | D:4      | Reached skill level 5 in Shields
  4320 | D:4      | Reached XP level 7. HP: 23/49 MP: 7/7
  4991 | D:5      | Entered Level 5 of the Dungeon
  5543 | D:5      | Reached skill level 5 in Fighting
  5543 | D:5      | Reached skill level 6 in Shields
  5543 | D:5      | Reached XP level 8. HP: 9/55 MP: 8/8
  5993 | Temple   | Entered the Ecumenical Temple
  6225 | Temple   | Became a worshipper of Warmaster Okawaru
  6293 | D:4      | Slain by an orc warrior

Skill      XL: |  1  2  3  4  5  6  7 |
---------------+----------------------+-----
Fighting       | 3 4 5 |  5.1
Short Blades   | 3 4 |  4.5
Shields        | 4 5 6 |  6.0
Slings         | 1 3 |  3.8
Armour         | 4 |  4.8

Action                   |  1- 3 |  4- 6 |  7- 9 || total
-------------------------+-------+-------+-------++-------
Melee: Rapier            |   101 |   174 |    92 ||   367
 Fire: Hunting sling     |       |    85 |    16 ||   101
Throw: Stone             |       |     3 |       ||     3
  Use: Potion            |       |     1 |       ||     1
       Scroll            |       |       |    11 ||    11
  Eat: Chunk             |     2 |     8 |       ||    10
       Ration            |       |       |     2 ||     2
Armor: Scale mail        |    47 |    57 |    31 ||   135
Dodge: Dodged            |    33 |    69 |    25 ||   127
Block: Shield            |    55 |    71 |    40 ||   166
